 Dungeon Crawl Stone Soup version 0.19.0-11-g3fc08b3 (webtiles) character file.

261 Challo the Magician (level 5, -4/28 HPs)
             Began as a Deep Elf Air Elementalist on Nov 9, 2016.
             Was an Initiate of Gozag.
             Killed from afar by an orc wizard (9 damage)
             ... with a magic dart
             ... on level 4 of the Dungeon.
             The game lasted 00:19:55 (3184 turns).

Challo the Magician (Deep Elf Air Elementalist)     Turns: 3184, Time: 00:19:56

Health: -4/28      AC:  2    Str:  5    XL:     5   Next: 96%
Magic:  8/14       EV: 13    Int: 21    God:    Gozag
Gold:   133        SH:  0    Dex: 15    Spells: 4 memorised, 6 levels left

rFire  . . .     SeeInvis .     p - +0 long sword
rCold  . . .     Gourm    .     a - +0 robe
rNeg   . . .     Faith    .     (no shield)
rPois  .         Spirit   .     (no helmet)
rElec  .         Reflect  .     (no cloak)
rCorr  .         Harm     .     (no gloves)
MR     .....                    (no boots)
Stlth  ++........               (no amulet)
                                (no ring)
                                (no ring)

@: gold aura, very slightly contaminated
A: no striking features
a: Potion Petition, Call Merchant, Bribe Branch, Renounce Religion


You were on level 4 of the Dungeon.
You worshipped Gozag.
Gozag was aware of your devotion.
You were hungry.

You visited 2 branches of the dungeon, and saw 5 of its levels.

You collected 187 gold pieces.
You paid 54 gold pieces to Gozag.

Inventory:

Hand Weapons
 d - a +0 mace
 e - a +0 dagger
 f - a +0 hand axe
 g - a +0 whip
 p - a +0 long sword (weapon)
 w - a +0 falchion
 A - a +3 hunting sling
 H - a +1 dagger of speed
Missiles
 k - a throwing net (quivered)
 o - 41 bolts
 x - 6 javelins of penetration
 B - 13 sling bullets
 D - 27 stones
 F - 20 arrows
 G - 12 poisoned needles
Armour
 a - a +0 robe (worn)
 t - a +0 leather armour
Wands
 y - a wand of paralysis (13/24)
Scrolls
 h - 2 scrolls of amnesia {unknown}
 m - a scroll of random uselessness {unknown}
 n - a scroll of teleportation {unknown}
 q - 5 scrolls of identify {unknown}
 r - a scroll of fear {unknown}
 v - 2 scrolls of remove curse {unknown}
 C - a scroll of enchant armour {unknown}
 E - a scroll of enchant weapon {unknown}
Potions
 i - 5 potions of might {unknown}
 j - a potion of brilliance {unknown}
 l - a potion of heal wounds {unknown}
 s - a potion of haste {unknown}
 u - a potion of flight {unknown}
Books
 b - a book of Air

   Spells                             Type                      Level
   a - Shock                          Conjuration/Air              1
   b - Swiftness                      Charms/Air                   2
   c - Repel Missiles                 Charms/Air                   2
   d - Static Discharge               Conjuration/Air              3
   e - Lightning Bolt                 Conjuration/Air              5
Comestibles
 c - 3 bread rations
 z - 4 fruits
 I - a meat ration


   Skills:
 - Level 3.0 Dodging
 - Level 3.0 Stealth
 * Level 5.1 Spellcasting
 + Level 2.3 Conjurations
 + Level 2.4 Charms
 * Level 4.6 Air Magic


You had 6 spell levels left.
You knew the following spells:

 Your Spells              Type           Power        Failure   Level  Hunger
a - Shock                 Conj/Air       ###.         2%          1    None
b - Repel Missiles        Chrm/Air       ###...       4%          2    None
c - Swiftness             Chrm/Air       ###.....     4%          2    None
d - Static Discharge      Conj/Air       ###.....     10%         3    ##.....


Dungeon Overview and Level Annotations

Branches:
Dungeon (4/15)             Temple (1/1) D:4

Altars:
Ashenzari
Cheibriados
Dithmenos
Elyvilon
Fedhas
Gozag
Hepliaklqana
Kikubaaqudgha
Makhleb
Nemelex Xobeh
Okawaru
Ru
Sif Muna
Yredelemnul
Zin
The Shining One


Message History

You miscast Shock.
You are very lightly contaminated with residual magic.
Nothing appears to happen.
The orc wizard hits you with a dagger.
* * * LOW HITPOINT WARNING * * *
Casting: Shock
Confirm with . or Enter, or press ? or * to list all spells.
Aiming: Shock
Press: ? - help, Shift-Dir - straight line, f/p - orc wizard
Aim: an orc wizard, wielding a dagger and wearing a robe (almost dead)
The zap misses the orc wizard. x2; The orc wizard hits you with a dagger.
* * * LOW HITPOINT WARNING * * *
Casting: Shock
Confirm with . or Enter, or press ? or * to list all spells.
You don't know that spell.
Unknown command.
The orc wizard looks satisfied for a moment.
The orc wizard points at you and mumbles some strange words.
The magic dart hits you!
You die...
Your body crumbles into a pile of gold.

......# #.. #..# .....#.### ##..
#..##### .....#....#####.$.
##..#....
......###.....#?.########........
......# ####..$..........###....
......# ........................
......... #..oo#######..###....
......### #. #.# #.## #....
....>## #####.##@# #####.# #....
....## .........###.....# #....
###.# ..............#### ##### ..
.........##...# # ......[..##...#
# ########.###### # #.# # ..# #
... #


You could see 2 orc wizards.

Vanquished Creatures
  A phantom (D:4)
  Natasha (twice) (D:2)
  4 adders
  An adder skeleton (D:4)
  2 worms (D:2)
  2 dart slugs (D:1)
  3 leopard geckos
  8 orcs
  10 bats
  A giant cockroach (D:1)
  8 goblins
  4 hobgoblins
  2 jackals (D:3)
  6 kobolds
  A quokka (D:2)
  4 frilled lizards
  6 rats
65 creatures vanquished.

Notes
Turn   | Place    | Note
-------+----------+-------------------------------------------
     0 | D:1      | Challo the Deep Elf Air Elementalist began the quest for the Orb.
     0 | D:1      | Reached XP level 1. HP: 10/10 MP: 6/6
   317 | D:1      | Reached XP level 2. HP: 15/15 MP: 5/8
   374 | D:1      | Learned a level 2 spell: Repel Missiles
   377 | D:1      | Learned a level 2 spell: Swiftness
   762 | D:1      | Reached XP level 3. HP: 19/19 MP: 8/10
  1144 | D:2      | Noticed Natasha
  1153 | D:2      | Killed Natasha
  1153 | D:2      | Reached skill level 4 in Spellcasting
  1153 | D:2      | Reached XP level 4. HP: 21/24 MP: 2/12
  1167 | D:2      | Learned a level 3 spell: Static Discharge
  1280 | D:2      | Reached skill level 1 in Charms
  1494 | D:2      | Noticed Natasha
  1500 | D:2      | Killed Natasha
  1633 | D:2      | Found a snail-covered altar of Cheibriados.
  1988 | D:3      | Reached XP level 5. HP: 28/28 MP: 10/13
  2662 | D:4      | Found a staircase to the Ecumenical Temple.
  2677 | Temple   | Entered the Ecumenical Temple
  2774 | Temple   | Became a worshipper of Gozag Ym Sagoz the Greedy
  3028 | D:4      | Noticed a phantom
  3051 | D:4      | Killed a phantom
  3051 | D:4      | Reached skill level 5 in Spellcasting
  3184 | D:4      | Killed from afar by an orc wizard

Skill      XL: |  1  2  3  4  5 |
---------------+----------------+-----
Dodging        | 3 |  3.0
Stealth        | 3 |  3.0
Spellcasting   | 4 5 |  5.1
Charms         | 1 2 |  2.4
Air Magic      | 4 |  4.6
Conjurations   | 2 |  2.3

Action                   |  1- 3 |  4- 6 || total
-------------------------+-------+-------++-------
Melee: Dagger            |     7 |       ||     7
       Long sword        |       |     4 ||     4
 Cast: Shock             |    70 |    91 ||   161
  Eat: Chunk             |     1 |     2 ||     3
       Pizza             |       |     1 ||     1
       Fruit             |       |     2 ||     2
Armor: Robe              |     5 |     5 ||    10
Dodge: Dodged            |    14 |    15 ||    29
       Rpst.: Long sword |     2 |     4 ||     6
